 Dungeon Crawl Stone Soup version 0.17.2-1-ge4368a0 (webtiles) character file.

477 arnash1 the Charlatan (level 7, -7/42 HPs)
             Began as a Gargoyle Artificer on June 25, 2017.
             Mangled by an iguana (12 damage)
             ... on level 5 of the Dungeon.
             The game lasted 00:13:00 (5290 turns).

arnash1 the Charlatan (Gargoyle Artificer)          Turns: 5290, Time: 00:13:02

Health: -7/42      AC:  7    Str: 17    XL:     7   Next: 11%
Magic:  10/10      EV: 12    Int: 12    God:
Gold:   99         SH:  0    Dex: 10    Spells: 0 memorised, 6 levels left

rFire  + . .     SeeInvis .     l - +0 long sword (holy)
rCold  . . .     Clarity  .     b - +1 robe {MR+}
rNeg   + . .     SustAt   .     (no shield)
rPois  ∞         Gourm    .     (no helmet)
rElec  +         Spirit   .     (no cloak)
rCorr  .         Warding  .     (no gloves)
rMut   .         Stasis   .     (no boots)
MR     +....                    (no amulet)
Stlth  ++........               v - ring of fire
                                s - ring of protection from cold

@: somewhat resistant to hostile enchantments, unstealthy
A: negative energy resistance 1, electricity resistance, unbreathing,
petrification resistance, rot immunity, AC +4
a: no special abilities


You were on level 5 of the Dungeon.
You were hungry.

You visited 1 branch of the dungeon, and saw 5 of its levels.

You collected 186 gold pieces.
You spent 87 gold pieces at shops.

Inventory:

Hand Weapons
 a - a +0 short sword
 l - a +0 long sword of holy wrath (weapon)
Missiles
 j - 123 stones (quivered)
Armour
 b - a +1 robe of magic resistance (worn)
 m - a +0 leather armour of fire resistance
 w - a +0 chain mail
Jewellery
 s - a ring of protection from cold (left hand)
 v - a ring of fire (right hand)
Wands
 c - a wand of flame (0)
 d - a wand of enslavement (8)
 e - a wand of random effects (9)
Scrolls
 h - a scroll of blinking
 k - 3 scrolls of identify
 p - a scroll of immolation {unknown}
 q - 2 scrolls of remove curse
 u - a scroll of magic mapping {unknown}
Potions
 g - 2 potions of curing {unknown}
 i - a potion of mutation {unknown}
 n - a potion of magic {unknown}
 o - a potion of lignification
 x - a potion of heal wounds {unknown}
 A - 2 potions of might {unknown}
Books
 y - a book of Annihilations

   Spells                             Type                      Level
   a - Poison Arrow                   Conjuration/Poison           6
   b - Chain Lightning                Conjuration/Air              8
   c - Lehudib's Crystal Spear        Conjuration/Earth            8
   d - Glaciate                       Conjuration/Ice              9
   e - Fire Storm                     Conjuration/Fire             9
Comestibles
 f - 3 bread rations
 r - 7 fruits
 t - 2 meat rations
 z - 3 beef jerkies


   Skills:
 + Level 3.8 Fighting
 - Level 3.0(3.1) Short Blades
 + Level 0.8(2.0) Long Blades
 - Level 1.5 Dodging
 - Level 4.0 Stealth
 + Level 4.4 Evocations


You had 6 spell levels left.
You didn't know any spells.

Dungeon Overview and Level Annotations

Branches:
Dungeon (5/15)
 Temple: D:4-7

Altars:
Ru
Yredelemnul

Shops:
D:4 (


Innate Abilities, Weirdness & Mutations

You are resistant to torment.
Your stone body is resilient (AC +4).
You are immune to poison.
You resist negative energy.
You are resistant to electric shocks.
You can survive without breathing.
You are immune to petrification.
You are immune to rotting.


Message History

You slash the iguana!
The iguana is moderately wounded.
The iguana bites you.
The iguana bites you but does no damage.
You barely miss the iguana.
The iguana is moderately wounded.
The iguana bites you!
You slash the iguana!
The iguana is severely wounded.
The iguana bites you!
You closely miss the iguana.
The iguana is severely wounded.
The iguana bites you.
You hit the iguana but do no damage.
The iguana is severely wounded.
You are feeling hungry.
The iguana bites you!
* * * LOW HITPOINT WARNING * * *
The iguana bites you!
You die...

##.######.#.# ### #.#
#.#.# ##.###.# #.#.#
##...##.# #.#.#
##.....#.# #
#.#........# .#
#..........# #>#
###........#####..#.#..
##...........@l.....#
######.######.##.###
#.# .# #.# .# #.# .#
#.# .# +.# .# ### .#


You could see an iguana.

Vanquished Creatures
  A water moccasin skeleton (D:5)
  A centaur zombie (D:3)
  2 orc priests (D:3)
  An iguana (D:4)
  6 worker ants
  3 adders
  4 oozes
  An adder skeleton (D:4)
  7 worms
  7 giant geckos
  6 orcs
  A ball python (D:1)
  5 giant cockroaches
  8 goblins
  8 hobgoblins
  5 jackals
  7 kobolds
  6 bats
  A giant gecko skeleton (D:4)
  6 giant newts
  A quokka (D:2)
  A quokka skeleton (D:5)
  8 rats
96 creatures vanquished.

Vanquished Creatures (collateral kills)
  3 orcs (D:3)
  A giant cockroach (D:3)
  A goblin (D:2)
5 creatures vanquished.

Vanquished Creatures (others)
  An orc wizard (D:3)
  2 orcs (D:3)
  A jackal (D:2)
4 creatures vanquished.

Grand Total: 105 creatures vanquished

Notes
Turn   | Place    | Note
--------------------------------------------------------------
     0 | D:1      | arnash1 the Gargoyle Artificer began the quest for the Orb.
     0 | D:1      | Reached XP level 1. HP: 12/12 MP: 2/2
    21 | D:1      | Reached skill level 1 in Short Blades
   395 | D:1      | Reached XP level 2. HP: 4/16 MP: 4/4
   805 | D:1      | Reached XP level 3. HP: 13/21 MP: 5/5
  1632 | D:2      | Reached skill level 3 in Evocations
  2290 | D:3      | Reached XP level 4. HP: 15/27 MP: 6/6
  2304 | D:3      | Reached XP level 5. HP: 11/31 MP: 7/7
  2791 | D:3      | Found a sacrificial altar of Ru.
  3936 | D:4      | Reached XP level 6. HP: 20/37 MP: 8/8
  4005 | D:4      | Found a basalt altar of Yredelemnul.
  4161 | D:4      | Reached skill level 4 in Evocations
  4703 | D:4      | Found Lestrime's Antique Weapon Shop.
  4754 | D:4      | Bought a runed long sword for 87 gold pieces
  4964 | D:5      | Entered Level 5 of the Dungeon
  5115 | D:5      | Reached XP level 7. HP: 27/42 MP: 10/10
  5290 | D:5      | Mangled by an iguana

Action                   |  1- 3 |  4- 6 |  7- 9 || total
-------------------------+-------+-------+-------++-------
Melee: Short sword       |   152 |   384 |       ||   536
       Long sword        |       |    32 |    11 ||    43
Evoke: Wand              |    12 |    16 |       ||    28
  Use: Scroll            |     3 |     4 |       ||     7
 Stab: Sleeping          |     2 |     5 |     1 ||     8
  Eat: Bread ration      |     1 |       |       ||     1
       Chunk             |       |    10 |       ||    10
